 Dungeon Crawl Stone Soup version 0.28-a0-991-g956f0ee3d5 (console) character file.

Game seed: 18293367708403808627

43 petzl the Vexing (level 3, -2/23 HPs)
             Began as an Octopode Arcane Marksman on Dec 4, 2021.
             Slain by a goblin (6 damage)
             ... on level 3 of the Dungeon.
             The game lasted 00:02:04 (1657 turns).

petzl the Vexing (Octopode Arcane Marksman)         Turns: 1657, Time: 00:02:05

Health: -2/23      AC:  1    Str:  9    XL:     3   Next: 58%
Magic:  5/5        EV: 13    Int: 17    God:
Gold:   77         SH:  0    Dex: 12    Spells: 4/5 levels left

rFire   . . .      SeeInvis .   a - +0 trident
rCold   . . .      Faith    .   (no shield)
rNeg    . . .      Spirit   .   (helmet restricted)
rPois   .          Reflect  .   (no amulet)
rElec   .          Harm     .   (no ring)
rCorr   .          Rampage  .   (no ring)
Will    .....                   (no ring)
Stlth   +++.......              (no ring)
HPRegen 0.07/turn               (no ring)
MPRegen 0.09/turn               (no ring)
                                (no ring)
                                (no ring)

@: no status effects
A: almost no armour, amphibious, 8 rings, camouflage 1, gelatinous body 1,
(nimble swimmer 1), tentacles
a: no special abilities


You were on level 3 of the Dungeon.
You visited 1 branch of the dungeon, and saw 3 of its levels.

You collected 77 gold pieces.

Inventory:

Hand Weapons
 a - a +0 trident (weapon)
 b - a +0 hand crossbow
Missiles
 c - 10 bolts
 j - 16 poisoned darts (quivered)
Scrolls
 g - 2 scrolls of noise {unknown}
 k - a scroll of brand weapon {unknown}
Potions
 d - a potion of heal wounds {unknown}
 e - 2 potions of degeneration {unknown}
 f - a potion of invisibility {unknown}
 h - a potion of curing {unknown}
 i - a potion of ambrosia {unknown}
 l - a potion of lignification {unknown}


   Skills:
 + Level 1.6 Fighting
 + Level 2.4 Crossbows
 + Level 2.4 Dodging
 + Level 1.8 Stealth
 + Level 1.6 Spellcasting
 - Level 3.0 Hexes


You had 4 spell levels left.
You knew the following spells:

 Your Spells              Type           Power      Damage    Failure   Level
a - Slow                  Hex            44%        N/A       6%          1

Your spell library contained the following spells:

 Spells                   Type           Power      Damage    Failure   Level
 Inner Flame              Hex/Fire       6%         N/A       32%         3
 Portal Projectile        Hex/Tloc       12%        N/A       32%         3
 Cause Fear               Hex            5%         N/A       52%         4


Dungeon Overview and Level Annotations

Branches:
Dungeon (3/15)

Altars:

Annotations:
D:2 Robin, Sigmund


Innate Abilities, Weirdness & Mutations

You cannot wear most types of armour.
You are amphibious.
You can wear up to eight rings at the same time.
Your skin changes colour to match your surroundings (Stealth+).
Your rubbery body absorbs attacks. (AC +1, EV +1)
((You are camouflaged near water. (Stealth+)))
You have tentacles for arms and can constrict up to eight enemies at once.


Message History

2 goblins come into view.
A goblin and a hobgoblin come into view.
The goblin shouts! x2; You hear a shout! x6
A goblin comes into view. It is wielding a +0 dagger.
A hobgoblin comes into view.
Robin of the Strong Arm comes into view.
They are wielding a +0 whip.
The goblin moves out of view.
You hear a shout! 2 goblins come into view.
The goblin shouts! x3; Robin shouts!
A hobgoblin comes into view.
The goblin moves out of view.
The hobgoblin shouts!
You barely miss the goblin. Your grab misses the goblin.
You squeeze the goblin.
You kill the goblin!
Robin's bangles clink loudly.
You barely miss the goblin. You grab the goblin. You constrict the goblin.
The goblin hits you with a +0 dagger. x2
You hit the goblin.
You kill the goblin!
The hobgoblin hits you. The goblin hits you with a +0 dagger.
Robin roars a battlecry!
The goblins go into a battle-frenzy!
The hobgoblin barely misses you.
A goblin comes into view. It is wielding a +0 club.
An endoplasm comes into view.
Robin throws the goblin at you!
Robin roars a battlecry!
The goblin goes into a battle-frenzy!
The goblin misses you. The goblin hits you with a +0 club.
There is an escape hatch in the floor here.
The goblin hits you with a +0 club. The goblin hits you with a +0 dagger.
You slide downwards.
The hatch slams shut behind you.
You barely miss the goblin. Your grab misses the goblin.
Your squeeze misses the goblin. The goblin closely misses you. x2
The goblin barely misses you. The goblin hits you with a +0 dagger.
* * * LOW HITPOINT WARNING * * *
You hit the goblin. Your grab misses the goblin.
The goblin is moderately wounded.
The goblin closely misses you. The goblin hits you with a +0 club.
You die...

#.#
#.#
#.#
#.#
#.#
#.#
#g#
#@#
#g#
#.#
...
..#
####


You could see 2 goblins.

Vanquished Creatures
  An adder (D:2)
  A worm (D:2)
  A dart slug (D:2)
  3 bats
  3 endoplasms (D:1)
  A giant cockroach (D:2)
  3 hobgoblins (D:1)
  2 quokkas (D:1)
  3 ball pythons
  6 frilled lizards (D:1)
  3 goblins
  A kobold (D:2)
  3 rats
31 creatures vanquished.

Vanquished Creatures (others)
  10 plants (D:1)
10 creatures vanquished.

Grand Total: 41 creatures vanquished

Notes
Turn   | Place    | Note
-------+----------+-------------------------------------------
     0 | D:1      | petzl the Octopode Arcane Marksman began the quest for the
                  | Orb.
     0 | D:1      | Reached XP level 1. HP: 13/13 MP: 2/2
   194 | D:1      | Reached XP level 2. HP: 11/18 MP: 3/3
   382 | D:1      | Reached skill level 1 in Stealth
   606 | D:1      | Found a faded altar of an unknown god.
  1227 | D:2      | Reached XP level 3. HP: 23/23 MP: 5/5
  1596 | D:2      | Noticed Sigmund
  1637 | D:2      | Noticed Robin
  1657 | D:3      | Slain by a goblin

Illustrated notes

Levels and vault maps discovered:
D:1:      minmay_arrival_four_houses, layout_basic,
          shapermc_ecumenical_altar_starsandcircs, minmay_lizard_king
D:2:      layout_basic, uniq_sigmund, uniq_robin
D:3:      layout_basic

Skill      XL: |  1  2 |
---------------+-------+-----
Stealth        | 1 |  1.8
Fighting       | |  1.6
Crossbows      | |  2.4
Dodging        | |  2.4
Spellcasting   | |  1.6
Hexes          | |  3.0

Action                   || total
-------------------------++-------
Melee: Trident           ||    29
       Constrict         ||     3
       Tentacles         ||     3
 Fire: Hand crossbow     ||    46
 Stab: Sleeping          ||     1
Armor: Skin              ||     2
Dodge: Dodged            ||    30

Table legend: (Time is in decaauts)
 A = Elapsed time spent in this place.
 B = Non-inter-level travel time spent in this place.
 C = Inter-level travel time spent in this place.
 D = Time resting spent in this place.
 E = Time spent auto-exploring this place.
 F = Levels seen in this place.
 G = Mean time per level.
                   A        B        C        D        E       F      G
               +--------+--------+--------+--------+--------+-----+--------+
         Total |   1679 |   1510 |    169 |    218 |   1065 |   3 |  559.7 |
       Dungeon |   1679 |   1510 |    169 |    218 |   1065 |   3 |  559.7 |
               +--------+--------+--------+--------+--------+-----+--------+

Top non-repeatable levels by time:
     D:1: 1110 daAuts
     D:2: 566 daAuts
     D:3: 2 daAuts
